Map: Orbital Shipyard

Players

Sacrilege - Winner!

  • Race: Zerg Zerg

SticklerMac

  • Race: Zerg Zerg
  • League: Gold

VOD

Have the link to the VOD?

Description

Time

  • Played on: Nov. 10, 2015, 1:39 a.m.
  • Length: 13:08
Show
View Real Time Build Order
Export as new Build Order

Sacrilege Zerg - Winner!

Build Orders: Pool First 

Get SALT Encoding   

  12  0:01  Drone  
  13  0:12  Overlord  
  13  0:17  Drone  
  14  0:30  Drone x2  
  16  0:38  Drone  
  17  0:45  Drone  
  17  0:48  Spawning Pool  
  17  0:55  Drone  
  18  1:10  Hatchery  
  17  1:14  Extractor  
  17  1:15  Drone  
  17  1:24  Overlord  
  17  1:36  Queen  
  17  1:37  Zergling x2  
  20  1:41  Drone  
  21  1:49  Drone  
  22  2:04  Drone  
  23  2:11  Queen  
  25  2:18  Metabolic Boost  
  25  2:20  Drone  
  26  2:34  Drone x2  
  28  2:37  Drone x2  
  30  2:55  Drone x3  
  30  2:56  Drone x2  
  34  2:59  Baneling Nest  
  33  3:07  Overlord  
  33  3:09  Drone  
  34  3:18  Drone  
  35  3:20  Hatchery  
  34  3:29  Zergling x14  
  41  3:39  Overlord, Zergling x2  
  42  3:47  Evolution Chamber  
  42  3:48  Zergling x2  
  42  3:53  Zergling x4  
  44  4:00  Zergling x6  
  48  4:03  Baneling x2  
  48  4:09  Zergling x4  
  49  4:14  Zerg Ground Armor Level 1  
  49  4:17  Baneling x2  
  49  4:20  Zergling x2  
  49  4:21  Zergling x2  
  50  4:33  Baneling  
  50  4:34  Baneling  
  49  4:41  Zergling x2  
  48  4:47  Zergling x6  
  51  4:57  Zergling x2  
  51  4:58  Zergling x2  
  51  4:59  Overlord  
  52  5:02  Baneling x2  
  52  5:06  Zergling x2  
  47  5:08  Zergling x8  
  43  5:21  Zergling x4  
  36  5:30  Baneling x2  
  34  6:00  Zergling x2  
  34  6:01  Zergling x10  
  40  6:05  Baneling x2  
  40  6:11  Zergling x2  
  40  6:12  Queen x2, Zergling x8  
  49  6:22  Hatchery  
  44  6:36  Baneling  
  44  6:37  Baneling x2  
  44  6:39  Drone x4  
  48  6:41  Zergling x6  
  48  6:42  Drone x2  
  48  6:45  Baneling  
  53  6:53  Baneling  
  51  7:11  Baneling x2  
  51  7:21  Zergling x2  
  51  7:22  Zergling x14  
  58  7:29  Zergling x2  
  56  7:34  Drone  
  57  7:38  Extractor  
  56  7:44  Baneling x3  
  56  7:45  Drone x2  
  56  7:48  Queen  
  60  7:52  Baneling  
  60  8:09  Zergling x2  
  60  8:10  Zergling x10  
  65  8:16  Zergling x4  
  65  8:18  Baneling x3  
  66  8:22  Overlord  
  66  8:24  Overlord x2  
  63  8:52  Zergling x2  
  63  8:53  Zergling x16  
  65  8:57  Zergling x2  
  65  9:00  Zergling x2  
  65  9:01  Zergling x6  
  65  9:02  Zergling x8  
  63  9:13  Baneling x7  
  63  9:14  Zergling x2  
  63  9:15  Drone, Zerg Melee Weapons Level 1  
  63  9:16  Drone  
  66  9:22  Drone  
  66  9:23  Drone  
  68  9:29  Drone  
  60  9:48  Zergling x2  
  60  9:49  Zergling x16  
  63  9:52  Zergling x2  
  63  9:53  Zergling x2  
  62  10:00  Drone  
  62  10:04  Zergling x8  
  62  10:06  Lair  
  65  10:09  Roach Warren, Zergling x4  
  66  10:17  Zergling x4  
  66  10:20  Drone  
  69  10:22  Zergling x2  
  70  10:29  Drone  
  70  10:32  Extractor  
  71  10:35  Zergling x2  
  71  10:36  Zergling x8  
  64  10:44  Zergling x4  
  63  10:50  Drone  
  63  10:53  Extractor  
  63  10:55  Zergling x2  
  63  10:56  Zergling x10  
  68  10:58  Drone x2  
  68  11:01  Zergling x6  
  73  11:08  Spire  
  71  11:14  Zergling x6  
  73  11:30  Zergling x2  
  73  11:31  Zergling x24  
  84  11:38  Drone, Extractor x2  
  80  11:41  Drone x2  
  78  11:48  Zergling x2  
  78  11:52  Zergling x8  
  80  11:55  Zergling x2  
  80  11:56  Drone x2  
  80  11:57  Drone  
  81  12:05  Zergling x6  
  81  12:09  Baneling  
  81  12:10  Baneling x3  
  81  12:12  Zergling x8  
  82  12:18  Zergling x2  
  82  12:21  Zergling x2  
  78  12:44  Zergling x2  
  78  12:45  Zergling x22  
Show
View Real Time Build Order
Export as new Build Order

SticklerMac Zerg 

Build Orders: Hatch First, Zergling Baneling 

Get SALT Encoding   

  12  0:00  Drone  
  13  0:12  Overlord  
  13  0:17  Drone  
  14  0:30  Overlord, Drone  
  15  0:42  Drone  
  16  0:46  Drone  
  17  1:01  Hatchery  
  17  1:04  Drone  
  17  1:09  Extractor  
  17  1:10  Drone  
  17  1:23  Spawning Pool  
  16  1:28  Drone  
  16  1:30  Drone  
  18  1:39  Drone  
  19  1:51  Drone  
  20  2:05  Drone  
  21  2:11  Metabolic Boost  
  21  2:12  Queen  
  21  2:13  Queen  
  21  2:15  Drone  
  26  2:22  Drone x2  
  28  2:29  Zergling x2  
  29  2:34  Zergling x2  
  30  2:53  Zergling x6  
  33  3:03  Zergling x2  
  33  3:04  Zergling x2  
  35  3:15  Overlord  
  35  3:16  Overlord x2  
  35  3:24  Baneling Nest  
  34  3:27  Overlord  
  34  3:28  Overlord  
  34  3:37  Zergling x14  
  42  3:48  Zergling x4  
  43  3:59  Zergling x2  
  43  4:00  Zergling x2  
  45  4:14  Baneling x3  
  45  4:15  Baneling x3  
  45  4:16  Zergling x2  
  47  4:17  Zergling x10  
  48  4:32  Baneling x3  
  38  4:42  Zergling x2  
  38  4:43  Zergling x8  
  41  4:51  Zergling x12  
  41  4:52  Zergling x2  
  48  4:57  Zergling x4  
  47  5:03  Queen  
  47  5:04  Queen  
  43  5:21  Zergling x8  
  38  5:33  Zergling x2  
  38  5:34  Zergling x2  
  37  5:44  Zergling x4  
  37  5:45  Zergling x8  
  41  6:02  Zergling x8  
  45  6:04  Baneling  
  45  6:05  Queen, Baneling x9  
  47  6:14  Zergling x2  
  47  6:15  Zergling x8  
  51  6:35  Drone x6  
  48  6:43  Drone x3  
  35  7:30  Zergling x2  
  35  7:31  Zergling x18  
  35  7:35  Drone x3  
  35  7:36  Drone  
  48  7:38  Drone  
  48  7:42  Zergling x6  
  52  7:49  Baneling x5  
  52  7:50  Zergling x2  
  53  8:15  Drone x3  
  53  8:16  Drone  
  44  8:20  Zergling x2  
  44  8:21  Zergling x8  
  48  8:40  Zergling x18  
  55  8:52  Queen  
  54  8:56  Zergling x4  
  54  9:01  Queen  
  56  9:03  Zergling x2  
  56  9:04  Zergling x2  
  52  9:12  Baneling x3  
  52  9:13  Baneling x3  
  52  9:26  Baneling x2  
  52  9:27  Queen, Baneling x4  
  52  9:28  Zergling x4  
  52  9:29  Zergling x6  
  59  9:37  Queen  
  53  9:39  Zergling x10  
  53  9:40  Zergling x2  
  53  9:41  Zergling x2  
  57  9:49  Zergling x4  
  55  9:53  Zergling x2  
  53  10:05  Zergling x6  
  53  10:06  Zergling x8  
  60  10:26  Overlord x4  
  52  10:46  Zergling x8  
  52  10:47  Zergling x6  
  52  11:14  Hatchery  
  49  11:21  Zergling x2  
  49  11:22  Zergling x14  
  55  11:56  Zergling x2  
  55  11:57  Zergling x22  
  65  12:11  Baneling x4  
  65  12:12  Baneling x2  
  65  12:13  Zergling x6  
  64  12:18  Queen x2  
  45  12:44  Zergling x2  
  45  12:45  Zergling x12  
Tags
 
Add a new tag
Caveats
  • Supply blocks, unpowered buildings, or Contaminate may cause inaccurate times.
  • Supply counts are checked every 10 seconds.